 Dungeon Crawl Stone Soup version 0.23.2-11-gf996548 (webtiles) character file.

Game seed: 4129949047227278789

1962 Fang the Skirmisher (level 9, 0/85 HPs)
             Began as a Gargoyle Berserker on June 3, 2019.
             Was an Elder of Trog.
             Slain by an eight-headed hydra (7 damage)
             ... on level 7 of the Dungeon.
             The game lasted 00:06:27 (6612 turns).

Fang the Skirmisher (Gargoyle Berserker)            Turns: 6612, Time: 00:06:28

Health: 0/85       AC: 16    Str: 30    XL:     9   Next: 19%
Magic:  9/9        EV: 12    Int:  7    God:    Trog [****..]
Gold:   388        SH:  0    Dex:  9    Spells: 8/8 levels left

rFire    . . .     SeeInvis .   u - +4 hand axe (elec)
rCold    . . .     Gourm    .   (no shield)
rNeg     + . .     Faith    .   b - +0 chain mail
rPois    ∞         Spirit   .   (no helmet)
rElec    +         Reflect  .   (no cloak)
rCorr    .         Harm     .   (no gloves)
MR       .....                  (no boots)
Stlth    ..........             (no amulet)
HPRegen  0.24/turn              g - +1 ring of evasion
MPRegen  0.11/turn              (no ring)

@: berserking, very quick
A: negative energy resistance 1, electricity resistance, unbreathing,
petrification resistance, rot immunity, AC +6
a: Berserk, Trog's Hand, Brothers in Arms, Renounce Religion


You were on level 7 of the Dungeon.
You worshipped Trog.
Trog was greatly pleased with you.
You were not hungry.

You visited 2 branches of the dungeon, and saw 8 of its levels.

You collected 388 gold pieces.

Inventory:

Hand Weapons
 a - a +0 hand axe
 u - a +4 hand axe of electrocution (weapon)
Armour
 b - a +0 chain mail (worn)
Jewellery
 g - a +1 ring of evasion (left hand)
Wands
 h - a wand of random effects (28)
 y - a wand of iceblast (9)
Scrolls
 e - 3 scrolls of fog {unknown}
 f - 7 scrolls of remove curse {unknown}
 i - a scroll of noise {unknown}
 j - 5 scrolls of identify {unknown}
 m - 2 scrolls of enchant armour {unknown}
 o - 2 scrolls of fear {unknown}
 p - 3 scrolls of teleportation {unknown}
 w - a scroll of vulnerability {unknown}
 x - a scroll of immolation {unknown}
 A - a scroll of brand weapon {unknown}
Potions
 d - 6 potions of lignification {unknown}
 k - 2 potions of degeneration {unknown}
 l - 2 potions of magic {unknown}
 n - a potion of might
 q - 4 potions of curing {unknown}
 r - a potion of cancellation {unknown}
 s - 2 potions of mutation {unknown}
 t - a potion of ambrosia {unknown}
 v - 2 potions of agility {unknown}
 z - a potion of heal wounds {unknown}
 B - 2 potions of berserk rage {unknown}
Comestibles
 c - 14 rations


   Skills:
 + Level 7.2 Fighting
 + Level 6.0 Axes
 + Level 6.7 Armour
 + Level 5.1 Dodging


You had 8 spell levels left.
You didn't know any spells.
Your spell library was empty.

Dungeon Overview and Level Annotations

Branches:
Dungeon (7/15)             Temple (1/1) D:4

Altars:
Cheibriados
Elyvilon
Okawaru

Shops:
D:5 ?

Annotations:
D:3 2 transporters, darkcelibi666's ghost, amateur FoFi


Innate Abilities, Weirdness & Mutations

You are resistant to torment.
Your stone body is resilient. (AC +6)
You are immune to poison.
You resist negative energy. (rN+)
You are resistant to electric shocks. (rElec)
You can survive without breathing.
You are immune to petrification.
You are immune to rotting.


Message History

The seven-headed hydra bites you but does no damage.
The seven-headed hydra bites you!
* * * LOW HITPOINT WARNING * * *
A red film seems to cover your vision as you go berserk!
You feel yourself moving faster!
You feel mighty!
You feel a lot more hungry.
The seven-headed hydra closely misses you.
The seven-headed hydra bites you but does no damage. x2
The seven-headed hydra bites you!
* * * LOW HITPOINT WARNING * * *
The seven-headed hydra bites you!
* * * LOW HITPOINT WARNING * * *
The seven-headed hydra bites you but does no damage.
The seven-headed hydra closely misses you.
You lop one of the seven-headed hydra's heads off!
The six-headed hydra grows two more!
You slash the eight-headed hydra!
Lightning courses through the eight-headed hydra!!
The eight-headed hydra is severely wounded.
The eight-headed hydra bites you but does no damage.
The eight-headed hydra bites you!
You die...

#....#.#...###
.#.#######.##...#.#..#.
...........###.##.##...
.#.####.#### #.##.####.
.......≈## #.........
.#####≈≈.# ####.#####
#≈≈.≈# #####.#####
##≈..≈####.....##...
#≈≈@#≈≈≈##.######.##
#≈#D.#####.# #.#
#≈#.≈.# #.# #.# #...≈≈#
#.# #.# ...#≈≈#
#.######.# ..#.#.≈#
#........# ≈≈#...#..
#######..# ### ... #.#
#..# ... .. #####..##


You could see an eight-headed hydra.

Vanquished Creatures
  The ghost of nefhilion the Ducker, an amateur MfAr (D:5)
  A water moccasin (D:5)
  An ice beast (D:5)
  2 black bears (D:7)
  2 centaurs
  Blork the orc (D:4)
  2 scorpions
  4 killer bees (D:7)
  A howler monkey (D:5)
  A crimson imp (D:5)
  3 hounds
  A gnoll shaman (D:4)
  A bullfrog skeleton (D:5)
  A centaur skeleton (D:5)
  An orc priest (D:5)
  An orc wizard (D:6)
  An iguana (D:4)
  10 worker ants
  Terence (D:3)
  2 hound zombies (D:5)
  A howler monkey skeleton (D:5)
  8 gnolls
  10 adders
  2 oozes
  An adder skeleton (D:4)
  4 worms
  3 dart slugs
  2 leopard geckos
  11 orcs
  11 bats
  10 giant cockroaches
  5 goblins
  10 hobgoblins
  17 jackals
  7 quokkas
  A ball python (D:1)
  4 frilled lizards
  10 kobolds
  6 rats
161 creatures vanquished.

Notes
Turn   | Place    | Note
-------+----------+-------------------------------------------
     0 | D:1      | Fang the Gargoyle Berserker began the quest for the Orb.
     0 | D:1      | Reached XP level 1. HP: 14/14 MP: 1/1
   364 | D:1      | Reached XP level 2. HP: 19/19 MP: 2/2
   527 | D:1      | Reached XP level 3. HP: 20/23 MP: 3/3
   544 | D:1      | Reached ** piety under Trog
  1099 | D:2      | Reached XP level 4. HP: 19/29 MP: 4/4
  1423 | D:2      | Reached skill level 4 in Fighting
  2094 | D:3      | Noticed Terence
  2107 | D:3      | Killed Terence
  2130 | D:3      | Found a transporter.
  2147 | D:3      | Reached XP level 5. HP: 12/33 MP: 5/5
  2412 | D:3      | Found a transporter.
  2413 | D:3      | Noticed darkcelibi666's ghost (amateur FoFi)
  2428 | D:3      | Reached *** piety under Trog
  2918 | D:3      | Found a white marble altar of Elyvilon.
  3119 | D:4      | Found a snail-covered altar of Cheibriados.
  3250 | D:4      | Reached XP level 6. HP: 37/39 MP: 6/6
  3705 | D:4      | HP: 3/60 [centaur (6)]
  3707 | D:4      | Reached skill level 5 in Fighting
  3707 | D:4      | Reached XP level 7. HP: 3/44 MP: 7/7
  4128 | D:4      | Found a staircase to the Ecumenical Temple.
  4191 | Temple   | Entered the Ecumenical Temple
  4599 | D:4      | Noticed Blork the orc
  4620 | D:4      | Killed Blork the orc
  5013 | D:5      | Entered Level 5 of the Dungeon
  5110 | D:5      | Found Ydwot Dap's Magic Scroll Shop.
  5141 | D:5      | Reached skill level 5 in Armour
  5171 | D:5      | Reached XP level 8. HP: 47/51 MP: 8/8
  5220 | D:5      | Reached **** piety under Trog
  5292 | D:5      | Reached skill level 6 in Fighting
  5292 | D:5      | Reached skill level 5 in Axes
  5359 | D:5      | Found a runed translucent gate.
  5359 | D:5      | Found a runed translucent gate.
  5359 | D:5      | Found a runed translucent gate.
  5360 | D:5      | Noticed nefhilion's ghost (amateur MfAr)
  5370 | D:5      | Killed nefhilion's ghost
  5550 | D:5      | HP: 1/78 [centaur (9)]
  6319 | D:7      | Reached XP level 9. HP: 46/56 MP: 9/9
  6340 | D:7      | Reached skill level 7 in Fighting
  6340 | D:7      | Reached skill level 5 in Dodging
  6600 | D:7      | Noticed a four-headed hydra
  6612 | D:7      | Slain by an eight-headed hydra

Skill      XL: |  1  2  3  4  5  6  7  8  9 |
---------------+----------------------------+-----
Axes           | 3 4 5 6 |  6.0
Dodging        | 2 3 4 5 |  5.1
Armour         | 3 4 5 6 |  6.7
Fighting       | 4 5 6 7 |  7.2

Action                   |  1- 3 |  4- 6 |  7- 9 || total
-------------------------+-------+-------+-------++-------
Melee: Hand axe          |   138 |   232 |   234 ||   604
Invok: Berserk           |       |     5 |     4 ||     9
       Trog's Hand       |       |       |     1 ||     1
       Brothers in Arms  |       |       |     1 ||     1
 Stab: Sleeping          |     1 |     1 |       ||     2
  Eat: Chunk             |       |    13 |    12 ||    25
       Ration            |       |       |     1 ||     1
Armor: Animal skin       |    42 |    90 |    24 ||   156
       Chain mail        |       |       |   110 ||   110
Dodge: Dodged            |   123 |   196 |   162 ||   481
